[Event "Titled Tuesday Blitz August 24 2021"]
[White "Quintiliano Pinto, Renato R."]
[Black "Vlasova, Nataliya"]
[WhiteFideId "2117568"]
[BlackFideId "4122682"]
[WhiteElo "2439"]
[BlackElo "2032"]
[Result "1/2-1/2"]
[Round "02"]
[TimeControl "180+1"]
[Date "2021.08.24"]
[WhiteClock "0:00:07"]
[BlackClock "0:00:03"]

1. Nf3 Nf6 2. c4 g6 3. Nc3 d5 4. cxd5 Nxd5 5. e4 Nxc3 6. bxc3 Bg7 7. h4 c5 8. Bb5+ Bd7 9. Bc4 b5 10. Bd5 Bc6 11. Qb3 Bxd5 12. exd5 a6 13. a4 c4 14. Qb1 Qxd5 15. axb5 axb5 16. Rxa8 Qxa8 17. Qxb5+ Nd7 18. O-O Qc8 19. Re1 O-O 20. Rxe7 Nf6 21. Ba3 Rd8 22. Re1 Nd5 23. Be7 Nxe7 24. Rxe7 Bf6 25. Re4 Qc7 26. Qxc4 Qd6 27. Qe2 Kg7 28. g3 Ra8 29. Kg2 Ra2 30. Re3 Qc5 31. Rd3 Bxc3 32. Qe4 Bf6 33. Rd7 Ra7 34. d4 Qb6 35. Rxa7 Qxa7 36. g4 Qd7 37. g5 Bd8 38. Qe5+ f6 39. Qe4 Qd6 40. gxf6+ Bxf6 41. Qg4 Qd5 42. Qf4 h6 43. Qc7+ Kg8 44. Qc8+ Kg7 45. Qg4 g5 46. hxg5 hxg5 47. Kg1 Kg6 48. Nh4+ Kf7 49. Nf5 Qc4 50. Kg2 Qd5+ 51. Qf3 Qxf3+ 52. Kxf3 Ke6 53. Kg4 Kd5 54. Nh6 Bxd4 55. Nf7 Bxf2 56. Nxg5 1/2-1/2


[Site "https://www.chess.com"]

[Event "Titled Tuesday Blitz August 24 2021"]
[White "Rahman, Ziaur"]
[Black "Nastore, Pavel-Alexandru"]
[WhiteFideId "10200037"]
[BlackFideId "1255002"]
[WhiteElo "2460"]
[BlackElo "1763"]
[Result "1-0"]
[Round "02"]
[TimeControl "180+1"]
[Date "2021.08.24"]
[WhiteClock "0:00:34"]
[BlackClock "0:00:17"]

1. d4 Nf6 2. Nf3 d5 3. g3 e6 4. c4 Be7 5. Bg2 O-O 6. O-O c6 7. Nc3 Nbd7 8. Qd3 b6 9. e4 dxe4 10. Nxe4 Bb7 11. Rd1 Qc8 12. Nxf6+ Nxf6 13. b3 c5 14. Bb2 Rd8 15. Qe2 Qc7 16. dxc5 Qxc5 17. Ne5 Bxg2 18. Kxg2 Qc7 19. Qf3 Rac8 20. Rxd8+ Bxd8 21. Rd1 Be7 22. Rd7 Qc5 23. Rxa7 b5 24. Ra8 bxc4 25. Ba3 Qc7 26. Rxc8+ Qxc8 27. Bxe7 Nd5 28. Qxf7+ Kh8 29. Bf8 Nf4+ 30. gxf4 Qb7+ 31. Qxb7 1-0


[Site "https://www.chess.com"]

[Event "Titled Tuesday Blitz August 24 2021"]
[White "Rastbod, Ali"]
[Black "ketster"]
[WhiteFideId "12567477"]
[WhiteElo "2226"]
[BlackElo "2467"]
[Result "0-1"]
[Round "02"]
[TimeControl "180+1"]
[Date "2021.08.24"]
[WhiteClock "0:00:02"]
[BlackClock "0:01:31"]

1. c4 Nf6 2. Nc3 c5 3. g3 d5 4. cxd5 Nxd5 5. Bg2 Nc7 6. Qa4+ Qd7 7. Qxd7+ Nxd7 8. d3 e6 9. Nf3 Bd6 10. Nd2 O-O 11. Nc4 Be7 12. Bf4 Ne8 13. O-O g5 14. Be3 Ng7 15. Rac1 Rb8 16. a4 Nb6 17. b3 Rd8 18. Ne4 Nf5 19. Bxc5 Bxc5 20. Nxc5 Nd4 21. e3 Ne2+ 22. Kh1 Nxc1 23. Rxc1 Nd7 24. Ne4 f6 25. d4 Kg7 26. a5 b6 27. axb6 axb6 28. b4 Bb7 29. Ncd6 Bd5 0-1


[Site "https://www.chess.com"]

[Event "Titled Tuesday Blitz August 24 2021"]
[White "Rottenwohrer Suarez, Juan"]
[Black "Ivanchuk, Vasyl"]
[WhiteFideId "32068182"]
[BlackFideId "14100010"]
[WhiteElo "2530"]
[BlackElo "2789"]
[Result "1/2-1/2"]
[Round "02"]
[TimeControl "180+1"]
[Date "2021.08.24"]
[WhiteClock "0:00:05"]
[BlackClock "0:00:07"]

1. c4 Nf6 2. Nf3 e6 3. g3 b6 4. Bg2 Bb7 5. O-O c5 6. Nc3 Be7 7. b3 O-O 8. Bb2 d6 9. d4 cxd4 10. Nxd4 Bxg2 11. Kxg2 a6 12. e4 Qc7 13. f3 Nbd7 14. Rc1 Rac8 15. Qe2 Qb7 16. Rfd1 Rfe8 17. h4 h5 18. Rd2 Ne5 19. Rcd1 Bf8 20. Nc2 Rcd8 21. Ba3 Qc7 22. Nb4 Ra8 23. Nd3 Ned7 24. Nf4 Nc5 25. Qe3 Rad8 26. Nce2 Be7 27. Bb2 Ncd7 28. Nd4 Bf8 29. Nde2 Be7 30. Nh3 Bf8 31. Ng5 Ne5 32. Nf4 Be7 33. Nd3 Ned7 34. Nf4 Ne5 35. Nfxe6 fxe6 36. Nxe6 Qb8 37. Nxd8 Rxd8 38. Bd4 Rf8 39. Bxb6 Nfd7 40. Bd4 Nxf3 41. Rf2 Nxd4 42. Rxf8+ Bxf8 43. Qxd4 Ne5 44. Qd5+ Kh7 45. Rf1 Be7 46. Qe6 Qd8 47. Qf5+ g6 48. Qe6 Kg7 49. Rd1 Qc7 50. Rf1 Qb7 51. Qd5 Qc7 52. Qe6 Qb7 53. Qd5 Qc7 54. Qe6 1/2-1/2


[Site "https://www.chess.com"]

[Event "Titled Tuesday Blitz August 24 2021"]
[White "Sadhwani, Raunak"]
[Black "Taboas Rodriguez, Daniel"]
[WhiteFideId "35093487"]
[BlackFideId "2208466"]
[WhiteElo "2514"]
[BlackElo "2429"]
[Result "1-0"]
[Round "02"]
[TimeControl "180+1"]
[Date "2021.08.24"]
[WhiteClock "0:00:42"]
[BlackClock "0:00:03"]

1. b3 d5 2. Bb2 Bg4 3. Nf3 e6 4. Ne5 Bh5 5. g4 Bg6 6. h4 f6 7. Nxg6 hxg6 8. e3 Bd6 9. d3 Ne7 10. Nd2 Qd7 11. a3 c5 12. Bg2 Nbc6 13. Qe2 O-O-O 14. O-O-O Kb8 15. Kb1 e5 16. c4 d4 17. Ne4 Rhe8 18. h5 f5 19. Nxd6 Qxd6 20. hxg6 Qxg6 21. gxf5 Qxf5 22. Be4 Qf6 23. Rdg1 Rf8 24. Rg2 Rf7 25. Rhg1 Rdf8 26. Qe1 Qh4 27. Rh1 Qf6 28. b4 Qd6 29. bxc5 Qxc5 30. Rhg1 g6 31. Rh2 a6 32. Rgh1 Ka7 33. Qd2 Rf6 34. Rg2 Qb6 35. Ka2 Na5 36. Qb4 Nac6 37. Qxb6+ Kxb6 38. Rhh2 Kc7 39. exd4 Nxd4 40. Bc1 Ndc6 41. Bg5 R6f7 42. Be3 Rf6 43. Rh7 R8f7 44. Rgh2 Kd6 45. Kb3 Na5+ 46. Kc3 Nac6 47. Rxf7 Rxf7 48. Rh6 Rf6 49. Rh7 Re6 50. c5+ Kd7 51. Bg5 Ke8 52. Kc4 Kd7 53. Bd5 Na5+ 54. Kc3 1-0


[Site "https://www.chess.com"]

[Event "Titled Tuesday Blitz August 24 2021"]
[White "Sadykov, Ramil"]
[Black "Weetik, Vjacheslav"]
[WhiteFideId "24113590"]
[BlackFideId "4153472"]
[WhiteElo "2300"]
[BlackElo "2469"]
[Result "0-1"]
[Round "02"]
[TimeControl "180+1"]
[Date "2021.08.24"]
[WhiteClock "0:00:03"]
[BlackClock "0:00:07"]

1. d4 d5 2. Bf4 Nf6 3. Nc3 c5 4. e3 cxd4 5. exd4 a6 6. Nf3 Nc6 7. Ne5 Bd7 8. Ne2 e6 9. c3 Be7 10. Nc1 Nxe5 11. Bxe5 O-O 12. Be2 Ne4 13. O-O f6 14. Bf4 Bc6 15. a4 Qd7 16. Nd3 g5 17. Be3 a5 18. f3 Nd6 19. Nc5 Qc8 20. f4 b6 21. Nd3 h6 22. Bg4 Kg7 23. Qe2 Ne4 24. f5 Bd7 25. Qf3 h5 26. Bxh5 exf5 27. h4 Rh8 28. hxg5 fxg5 29. Ne5 Be6 30. g4 f4 31. Bxf4 gxf4 32. Ng6 Bg5 33. Nxf4 Qd7 34. Nxe6+ Qxe6 35. Qf7+ Qxf7 36. Rxf7+ Kg8 37. Raf1 Rh7 38. Bg6 Rg7 39. Bxe4 dxe4 40. Rxg7+ Kxg7 41. Rf5 Bc1 42. Rb5 e3 43. Kf1 Rf8+ 44. Rf5 Rxf5+ 45. gxf5 Bxb2 46. Ke2 Bxc3 47. Kxe3 Kf6 48. Ke4 Bd2 49. Kd5 Kxf5 50. Kc6 Ke4 51. d5 Bb4 52. d6 Bxd6 53. Kxd6 Kd4 54. Kc6 Kc4 55. Kxb6 Kb4 56. Kc6 Kxa4 57. Kc5 Kb3 58. Kb5 a4 0-1


[Site "https://www.chess.com"]

[Event "Titled Tuesday Blitz August 24 2021"]
[White "Saya, Ethan"]
[Black "Idani, Pouya"]
[WhiteFideId "26095181"]
[BlackFideId "12510130"]
[WhiteElo "2241"]
[BlackElo "2610"]
[Result "0-1"]
[Round "02"]
[TimeControl "180+1"]
[Date "2021.08.24"]
[WhiteClock "0:00:02"]
[BlackClock "0:00:06"]

1. e4 c5 2. Nf3 e6 3. g3 Nc6 4. Bg2 Nf6 5. Nc3 e5 6. O-O d6 7. h3 Be7 8. Re1 O-O 9. d3 Rb8 10. a4 a6 11. Be3 b5 12. axb5 axb5 13. Qd2 h6 14. g4 b4 15. Ne2 d5 16. exd5 Nxd5 17. Ng3 Be6 18. Ne4 Nxe3 19. Qxe3 Qb6 20. Ng3 Bd6 21. Nh4 Nd4 22. Rac1 Be7 23. Nhf5 Bxf5 24. Nxf5 Nxf5 25. gxf5 Bg5 26. Qxe5 Bxc1 27. Rxc1 Rfe8 28. Qf4 Qf6 29. b3 Rbd8 30. Be4 Rd4 31. Kh2 g5 32. Rg1 Kh7 33. Qc7 Qe5+ 34. Qxe5 Rxe5 35. Kg3 Rdxe4 36. dxe4 Rxe4 37. Rd1 Re2 38. Rc1 Kg7 39. Kf3 Re5 40. Rd1 Rxf5+ 41. Ke3 Rf4 42. Rd5 c4 43. Rb5 cxb3 44. cxb3 Rh4 45. f3 Kg6 46. Kf2 f5 47. Rb6+ Kh5 48. Kg3 Rd4 49. Kf2 Rd2+ 50. Ke3 Rh2 51. Rxb4 Rxh3 52. Kf2 g4 53. fxg4+ fxg4 54. Rb6 Kg5 55. b4 h5 56. b5 Rb3 57. Rb8 Rb2+ 58. Ke3 Kh4 59. b6 Kg3 0-1


[Site "https://www.chess.com"]

[Event "Titled Tuesday Blitz August 24 2021"]
[White "Schmidt, Harald"]
[Black "Stribuk, Artiom"]
[WhiteFideId "4648358"]
[BlackFideId "13515659"]
[WhiteElo "2264"]
[BlackElo "2224"]
[Result "0-1"]
[Round "02"]
[TimeControl "180+1"]
[Date "2021.08.24"]
[WhiteClock "0:00:35"]
[BlackClock "0:00:30"]

1. e4 c5 2. Nf3 Nc6 3. c3 Nf6 4. e5 Nd5 5. d4 cxd4 6. cxd4 d6 7. Bc4 e6 8. O-O Be7 9. Qe2 O-O 10. Re1 Bd7 11. Nbd2 Rc8 12. Ne4 dxe5 13. dxe5 Qc7 14. Bxd5 exd5 15. Neg5 Bf5 16. Bf4 Qd7 17. Nh4 h6 18. Nxf5 Qxf5 19. Nh3 Nd4 20. Qe3 Nc2 21. Qxa7 Nxa1 22. Rxa1 Rc2 23. Qxb7 Bc5 24. Qxd5 Bxf2+ 25. Nxf2 Qxf4 26. Rf1 Qe3 27. b4 Rfc8 28. b5 Rxf2 0-1


[Site "https://www.chess.com"]

[Event "Titled Tuesday Blitz August 24 2021"]
[White "Seliverstov, Vladimir"]
[Black "Rodriguez, Santiago"]
[WhiteFideId "4192036"]
[BlackFideId "3000591"]
[WhiteElo "2811"]
[BlackElo "2546"]
[Result "1-0"]
[Round "02"]
[TimeControl "180+1"]
[Date "2021.08.24"]
[WhiteClock "0:01:02"]
[BlackClock "0:00:03"]

1. d4 Nf6 2. Bf4 d5 3. e3 e6 4. Nf3 Bd6 5. Ne5 O-O 6. Bd3 c5 7. c3 Qc7 8. Nd2 Nbd7 9. Ndf3 Ne4 10. Qc2 f5 11. g4 cxd4 12. exd4 fxg4 13. Bxe4 dxe4 14. Ng5 Rxf4 15. Nxe6 Nxe5 16. Nxc7 Nd3+ 17. Kd1 Bxc7 18. Qb3+ Kh8 19. Rf1 Bf5 20. Qxb7 Rc8 21. Qxa7 Nxb2+ 22. Kc2 Nd3 23. Rab1 Nxf2 24. Rb5 Bg6 25. Qxc7 e3+ 26. Kb2 Nd3+ 27. Ka3 Ra8+ 28. Ra5 Rxa5+ 29. Qxa5 Rxf1 30. Qd8+ 1-0


[Site "https://www.chess.com"]

[Event "Titled Tuesday Blitz August 24 2021"]
[White "Seo, Jung Min"]
[Black "Martinez Reyes, Pedro Ramon"]
[WhiteFideId "1734687"]
[BlackFideId "3901807"]
[WhiteElo "2486"]
[BlackElo "2398"]
[Result "1-0"]
[Round "02"]
[TimeControl "180+1"]
[Date "2021.08.24"]
[WhiteClock "0:00:20"]
[BlackClock "0:00:12"]

1. e4 c6 2. Nf3 d5 3. d3 Bg4 4. h3 Bxf3 5. Qxf3 e6 6. g3 Nd7 7. Bg2 h5 8. O-O h4 9. g4 dxe4 10. dxe4 e5 11. Nd2 Be7 12. Nc4 Qc7 13. a4 Ngf6 14. Rd1 Nc5 15. Qf5 Nfd7 16. a5 g6 17. Qf3 Ne6 18. Bf1 O-O 19. Bh6 Rfd8 20. c3 Ndf8 21. b4 Nh7 22. Be3 Bg5 23. Rab1 Bf4 24. Rxd8+ Qxd8 25. Rd1 Qc7 26. Bc5 Nhg5 27. Qd3 Rd8 28. Qc2 Nxc5 29. bxc5 Kg7 30. Rd6 Nf3+ 31. Kh1 Ng5 32. Qd3 Re8 33. Rd7 Qb8 34. Qd6 Ne6 35. Qxb8 Rxb8 36. Nd6 Nxc5 37. Rxf7+ Kg8 38. Bc4 Kh8 39. Re7 b5 40. Be6 b4 41. cxb4 Rxb4 42. Rxa7 Rb1+ 43. Kg2 Nd3 44. Nf7+ Kg8 45. Nxe5+ Kf8 46. Nxd3 Bb8 47. Rf7+ Ke8 48. a6 1-0


[Site "https://www.chess.com"]

[Event "Titled Tuesday Blitz August 24 2021"]
[White "Sevian, Samuel"]
[Black "Kononenko, Dmitry"]
[WhiteFideId "2040506"]
[BlackFideId "14113538"]
[WhiteElo "2986"]
[BlackElo "2276"]
[Result "1-0"]
[Round "02"]
[TimeControl "180+1"]
[Date "2021.08.24"]
[WhiteClock "0:01:01"]
[BlackClock "0:00:43"]

1. e4 c6 2. d4 d5 3. Nc3 dxe4 4. Nxe4 Bf5 5. Ng3 Bg6 6. h4 h6 7. Nh3 e6 8. Nf4 Ne7 9. Bc4 Nd7 10. O-O Bh7 11. Re1 Nb6 12. Bxe6 fxe6 13. Nxe6 Qd7 14. c4 Bg8 15. Nxf8 Kxf8 16. b3 Bh7 17. Ba3 Re8 18. Qh5 Nc8 19. Re5 Kg8 20. Rae1 Bg6 21. Qe2 Qxd4 22. Bxe7 Nxe7 23. Rxe7 Kh7 24. h5 Bd3 25. Qd2 Rxe7 26. Rxe7 Rd8 27. Rxb7 Qf6 28. Qe3 Bc2 29. Nf1 Rd1 30. Qe2 Qa1 31. Qxc2+ Kg8 32. Qe2 1-0


[Site "https://www.chess.com"]

[Event "Titled Tuesday Blitz August 24 2021"]
[White "Shahade, Gregory"]
[Black "Do Nascimento,Christian Almeida"]
[WhiteFideId "2009064"]
[BlackFideId "2143801"]
[WhiteElo "2692"]
[BlackElo "2083"]
[Result "1-0"]
[Round "02"]
[TimeControl "180+1"]
[Date "2021.08.24"]
[WhiteClock "0:01:38"]
[BlackClock "0:01:43"]

1. e4 c5 2. Nf3 d6 3. d4 cxd4 4. Nxd4 Nf6 5. Nc3 g6 6. Be3 Bg7 7. f3 O-O 8. Qd2 Nc6 9. O-O-O d5 10. Qe1 e6 11. h4 Bd7 12. Nxc6 Bxc6 13. e5 Nd7 14. f4 b5 15. h5 b4 16. Ne2 Qa5 17. Kb1 Nb6 18. Nd4 Rfc8 19. Qh4 Nc4 20. Nb3 Qc7 21. Bc5 Ba4 22. hxg6 fxg6 23. Qxh7+ Kf7 24. Bd3 1-0


[Site "https://www.chess.com"]

[Event "Titled Tuesday Blitz August 24 2021"]
[White "Sharma, Dinesh K."]
[Black "Zierk, Steven"]
[WhiteFideId "5004110"]
[BlackFideId "2034255"]
[WhiteElo "2553"]
[BlackElo "2834"]
[Result "0-1"]
[Round "02"]
[TimeControl "180+1"]
[Date "2021.08.24"]
[WhiteClock "0:01:01"]
[BlackClock "0:01:04"]

1. e4 c5 2. Nf3 Nc6 3. d4 cxd4 4. Nxd4 Nf6 5. Nc3 e5 6. Ndb5 d6 7. Nd5 Nxd5 8. exd5 Nb8 9. c4 a6 10. Nc3 Be7 11. Be2 O-O 12. O-O f5 13. Be3 Bg5 14. Bxg5 Qxg5 15. f4 exf4 16. Qd2 Nd7 17. Qxf4 Qxf4 18. Rxf4 Ne5 19. b3 Bd7 20. Rd4 a5 21. Re1 Rae8 22. Kf1 g5 23. Rd2 Kg7 24. Rb1 Rc8 25. Rd4 f4 26. Kf2 g4 27. Rbd1 f3 28. Bf1 fxg2+ 29. Kxg2 Bf5 30. Be2 h5 31. Nb5 Rf6 32. Rf4 Ng6 33. Rxf5 Nh4+ 34. Kg1 Nxf5 35. Bd3 Nh4 36. Re1 Nf3+ 0-1


[Site "https://www.chess.com"]

[Event "Titled Tuesday Blitz August 24 2021"]
[White "Shtyka, Sergey"]
[Black "Rustemov, Alexander"]
[WhiteFideId "4138465"]
[BlackFideId "4119002"]
[WhiteElo "2064"]
[BlackElo "2747"]
[Result "1-0"]
[Round "02"]
[TimeControl "180+1"]
[Date "2021.08.24"]
[WhiteClock "0:00:06"]
[BlackClock "0:00:11"]

1. e4 e6 2. Nf3 d5 3. e5 c5 4. b4 b6 5. bxc5 bxc5 6. c3 Qd7 7. d4 Ba6 8. Bxa6 Nxa6 9. O-O Ne7 10. Ba3 Nc6 11. Qe2 Nc7 12. Bxc5 Bxc5 13. dxc5 O-O 14. Nbd2 Na5 15. Nb3 Nc4 16. Rfd1 Qa4 17. Nfd4 Nb5 18. Rd3 Rae8 19. Rg3 f5 20. Qh5 Rf7 21. Rh3 g6 22. Qe2 Rc7 23. Rd3 a6 24. h4 h6 25. h5 g5 26. f4 g4 27. Kh2 Kf7 28. Qf2 Kg7 29. Qh4 Rf7 30. Rg3 Qa3 31. Rxg4+ fxg4 32. Qxg4+ Kf8 33. Nxe6+ Ke7 34. Ned4 Nxd4 35. Nxd4 Qxc5 36. Qe6+ Kf8 37. Qxh6+ Kg8 38. Qg6+ Kf8 39. Qh6+ Rg7 40. Qh8+ Kf7 41. e6+ Rxe6 42. Qxg7+ Ke8 43. Nxe6 Qf2 44. Qf8+ Kd7 45. Nc5+ Kc6 46. Rb1 Ne3 47. Qf6+ Kxc5 48. Qd4+ Kc6 49. Rb6+ Kd7 50. Qg7+ Kc8 51. Qb7+ Kd8 52. Rd6+ Ke8 53. Qd7+ Kf8 54. Rf6+ Kg8 55. Qf7+ Kh8 56. Rh6# 1-0


[Site "https://www.chess.com"]

[Event "Titled Tuesday Blitz August 24 2021"]
[White "Sjugirov, Sanan"]
[Black "Shuvalova, Polina"]
[WhiteFideId "4189302"]
[BlackFideId "24171760"]
[WhiteElo "2472"]
[BlackElo "2299"]
[Result "1-0"]
[Round "02"]
[TimeControl "180+1"]
[Date "2021.08.24"]
[WhiteClock "0:00:07"]
[BlackClock "0:00:04"]

1. e4 c6 2. d4 d5 3. Nc3 dxe4 4. Nxe4 Nf6 5. Nxf6+ exf6 6. c3 Bd6 7. Bd3 O-O 8. Qc2 h5 9. Ne2 Re8 10. O-O h4 11. h3 Nd7 12. Bd2 Nf8 13. Rae1 Bc7 14. b3 Be6 15. Kh1 Qd7 16. Ng1 Rad8 17. f4 f5 18. Nf3 Ng6 19. Ng5 c5 20. Nxe6 fxe6 21. Be3 cxd4 22. cxd4 Ne7 23. Qf2 Nd5 24. Bd2 Nf6 25. Be3 Nd5 26. Qxh4 Nxe3 27. Rxe3 Qxd4 28. Rg3 Bb6 29. Bb5 Rf8 30. Bc4 Rfe8 31. Rd3 Qc5 32. Bxe6+ Rxe6 33. Rxd8+ Bxd8 34. Qxd8+ Kh7 35. Qh4+ Rh6 36. Qg5 Qd5 37. Kh2 Rg6 38. Qh5+ Rh6 39. Qe2 Re6 40. Qf2 a6 41. Rc1 Qe4 42. Rc4 Qd5 43. Rc7 Rg6 44. Rc2 Qe4 45. Rd2 Rc6 46. Qh4+ Rh6 47. Qg3 Rg6 48. Qf2 Rc6 49. Re2 Qd5 50. Re5 Qd3 51. Qh4+ Rh6 52. Qg3 Qd7 53. Qg5 Rf6 54. Qh5+ Kg8 55. Qe2 Kh7 56. Qh5+ Kg8 57. a4 g6 58. Qe2 Rf7 59. a5 Kg7 60. b4 Qd4 61. Qf3 Qxb4 62. Re6 Qc4 63. Rb6 Qc5 64. Qg3 Rf6 65. Rxb7+ Rf7 66. Rb6 Rf6 67. Qb3 Qc7 68. Rb7 Rf7 69. Rxc7 Rxc7 70. Qb6 Rc4 71. Qxa6 Rxf4 72. Qb7+ Kh6 73. a6 1-0


[Site "https://www.chess.com"]

[Event "Titled Tuesday Blitz August 24 2021"]
[White "Skuhala, Jernej"]
[Black "Jarovinsky, Alexey"]
[WhiteFideId "14605651"]
[BlackFideId "14115131"]
[WhiteElo "2527"]
[BlackElo "2780"]
[Result "0-1"]
[Round "02"]
[TimeControl "180+1"]
[Date "2021.08.24"]
[WhiteClock "0:01:36"]
[BlackClock "0:00:15"]

1. e3 Nc6 2. d4 e5 3. d5 Nce7 4. c4 Ng6 5. Nc3 Bb4 6. Ne2 f5 7. a3 Bxc3+ 8. Nxc3 d6 9. Be2 Nf6 10. O-O O-O 11. Qc2 f4 12. exf4 Nxf4 13. Bxf4 exf4 14. Bf3 Bg4 15. Bxg4 Nxg4 16. f3 Ne3 17. Qb3 Nxf1 18. Rxf1 b6 19. Ne4 Re8 20. Re1 Qh4 21. Re2 Re7 22. Qa4 a5 23. h3 Rae8 24. Qc2 Re5 25. a4 Kh8 26. b3 h6 27. Qd2 Rf8 28. Qe1 Qxe1+ 29. Rxe1 Rfe8 30. Kf2 g5 31. h4 g4 32. Re2 Kg7 33. Re1 g3+ 34. Kf1 Kg6 35. Re2 R8e7 36. Ke1 Kh5 37. Kd2 Kxh4 38. Kd3 Kh5 39. Re1 Kg6 40. Rh1 h5 41. Rh4 Rxe4 42. fxe4 Kg5 43. Rh3 h4 44. Rh1 Kg4 45. Rf1 Re5 46. Kd4 Rh5 47. Rh1 f3 48. gxf3+ Kf4 0-1


[Site "https://www.chess.com"]

[Event "Titled Tuesday Blitz August 24 2021"]
[White "Song, Michael"]
[Black "Mirzoev, Azer"]
[WhiteFideId "2613190"]
[BlackFideId "13400304"]
[WhiteElo "2519"]
[BlackElo "2762"]
[Result "1-0"]
[Round "02"]
[TimeControl "180+1"]
[Date "2021.08.24"]
[WhiteClock "0:00:05"]
[BlackClock "0:00:01"]

1. d4 d5 2. c4 c6 3. Nf3 Nf6 4. Qc2 g6 5. Bf4 Bg7 6. e3 O-O 7. Nc3 Be6 8. Qb3 Qb6 9. c5 Qxb3 10. axb3 Nbd7 11. b4 a6 12. h3 Ne4 13. Nxe4 dxe4 14. Nd2 f5 15. Bc4 Kf7 16. Bxe6+ Kxe6 17. Nc4 Rfc8 18. Ke2 Kd5 19. Na5 Ra7 20. Rhd1 Ke6 21. Nc4 Nf6 22. Be5 Ne8 23. Nb6 Rd8 24. Bxg7 Nxg7 25. b5 cxb5 26. d5+ Kf7 27. d6 a5 28. b4 a4 29. dxe7 Kxe7 30. Nd5+ Kf8 31. Nc3 Rxd1 32. Kxd1 Ne6 33. Nxb5 Ra8 34. Kc2 Ke7 35. Nc3 a3 36. Nb5 a2 37. Nc3 b6 38. cxb6 Rb8 39. Rxa2 Kd6 40. Ra6 Nd8 41. Kb3 Nc6 42. Nb5+ Kd7 43. Kc4 Ne5+ 44. Kd5 Nd3 45. Ra7+ Kd8 46. Rxh7 Rxb6 47. Nd6 1-0


[Site "https://www.chess.com"]

[Event "Titled Tuesday Blitz August 24 2021"]
[White "Sonis, Francesco"]
[Black "Tikhonov, Viacheslav"]
[WhiteFideId "895733"]
[BlackFideId "44196407"]
[WhiteElo "2373"]
[BlackElo "1773"]
[Result "1-0"]
[Round "02"]
[TimeControl "180+1"]
[Date "2021.08.24"]
[WhiteClock "0:02:12"]
[BlackClock "0:01:23"]

1. d4 Nf6 2. c4 g6 3. g3 c6 4. Nf3 d5 5. Bg2 Bg7 6. O-O O-O 7. b3 a5 8. Nc3 Ne4 9. Bb2 Bf5 10. cxd5 cxd5 11. Ne5 Nxc3 12. Bxc3 Nd7 13. Rc1 Nxe5 14. dxe5 Be6 15. Qd2 b5 16. Bd4 Qd7 17. Rc5 Bh3 18. Rfc1 Bxg2 19. Kxg2 a4 20. b4 Rfc8 21. Qd3 Rxc5 22. Rxc5 Rb8 23. Qc3 Qe6 24. Rc6 Qf5 25. f3 h5 26. Rc7 h4 27. g4 Qb1 28. Qd2 h3+ 29. Kxh3 Qf1+ 30. Kg3 Bxe5+ 31. Bxe5 Qg1+ 32. Kh4 Rb6 33. Rc8+ 1-0


[Site "https://www.chess.com"]

[Event "Titled Tuesday Blitz August 24 2021"]
[White "Stoyanov, Tsvetan"]
[Black "Rakhmanov, Aleksandr"]
[WhiteFideId "2917173"]
[BlackFideId "4173708"]
[WhiteElo "2191"]
[BlackElo "2498"]
[Result "1/2-1/2"]
[Round "02"]
[TimeControl "180+1"]
[Date "2021.08.24"]
[WhiteClock "0:00:20"]
[BlackClock "0:00:08"]

1. e4 c5 2. Nf3 Nf6 3. e5 Nd5 4. Nc3 Nxc3 5. dxc3 Nc6 6. Bc4 e6 7. O-O Qc7 8. Bf4 h6 9. Bg3 b6 10. Qe2 Bb7 11. Nd2 O-O-O 12. a4 d6 13. exd6 Bxd6 14. Bxd6 Qxd6 15. Ne4 Qf4 16. Ba6 f5 17. Ng3 Qe5 18. Bxb7+ Kxb7 19. Qxe5 Nxe5 20. Rfe1 Rd5 21. f4 Ng4 22. Rxe6 g5 23. c4 Rd2 24. h3 gxf4 25. Nxf5 Ne3 26. Nxe3 fxe3 27. Rxe3 Rxc2 28. b3 Rg8 29. g3 Rd8 30. a5 bxa5 31. Re7+ Kc6 32. Re6+ Kb7 33. Rxh6 Rdd2 34. g4 Rg2+ 35. Kh1 Rh2+ 36. Kg1 Rhg2+ 37. Kh1 Rh2+ 38. Kg1 Rhg2+ 1/2-1/2


[Site "https://www.chess.com"]

[Event "Titled Tuesday Blitz August 24 2021"]
[White "Terry, Renato"]
[Black "Zarubitski, Viachaslau"]
[WhiteFideId "3803457"]
[BlackFideId "13509373"]
[WhiteElo "2581"]
[BlackElo "2315"]
[Result "1/2-1/2"]
[Round "02"]
[TimeControl "180+1"]
[Date "2021.08.24"]
[WhiteClock "0:00:04"]
[BlackClock "0:00:09"]

1. e4 e5 2. Nf3 Nf6 3. Nxe5 d6 4. Nf3 Nxe4 5. Nc3 Nf6 6. d4 Be7 7. Bd3 Bg4 8. h3 Bh5 9. O-O O-O 10. g4 Bg6 11. Re1 Re8 12. Bg5 Nbd7 13. Qd2 c6 14. Bf4 Qb6 15. Na4 Qc7 16. c4 Bf8 17. Bxg6 hxg6 18. Ng5 Rxe1+ 19. Rxe1 Re8 20. b3 Qd8 21. Nc3 Rxe1+ 22. Qxe1 Qa5 23. Kf1 d5 24. c5 b6 25. cxb6 axb6 26. Bd2 Qa7 27. a4 c5 28. Nb5 Qb8 29. Kg2 c4 30. bxc4 dxc4 31. Qe2 Qa8+ 32. Qf3 Qxa4 33. Nc3 Qc2 34. Nce4 b5 35. Nxf6+ gxf6 36. Ne4 b4 37. Bg5 b3 38. Bxf6 b2 39. Ng5 b1=Q 40. Be5 Nxe5 41. dxe5 f5 42. Qd5+ Kh8 43. Qf7 Qe4+ 44. Nxe4 Qxe4+ 45. Kg1 Qb1+ 46. Kg2 Qe4+ 47. Kg1 Qe1+ 48. Kg2 Bh6 49. e6 Qe4+ 50. Kg1 Qe1+ 51. Kg2 Qe4+ 52. Kg1 Bg5 53. Qxg6 Bh4 54. Qh5+ Kg7 55. Qxh4 Qe1+ 56. Kg2 Qe4+ 57. Kf1 Qd3+ 58. Kg1 Qd1+ 59. Kg2 Qd5+ 60. Kh2 Qxe6 61. Qg5+ Kf7 62. gxf5 Qe5+ 63. Kg2 Qe4+ 64. Kg1 Qe1+ 65. Kg2 Qe4+ 66. Kg3 Qd3+ 67. f3 c3 68. Qg6+ Kf8 69. Qf6+ Ke8 70. Qe6+ Kd8 71. Qb6+ Kd7 72. Qb7+ Kd8 73. Qb6+ Kd7 74. Qb7+ Kd6 75. Qb6+ Ke5 76. Qe6+ Kd4 77. Qd6+ Ke3 78. Qxd3+ Kxd3 79. f6 c2 80. f7 c1=Q 81. f8=Q Qg5+ 82. Kh2 Qd2+ 83. Kg1 Qc1+ 84. Kf2 Qd2+ 85. Kf1 Qc1+ 86. Kg2 Qg5+ 87. Kh2 Qd2+ 88. Kh1 Qc1+ 89. Kg2 Qd2+ 90. Kg1 Qc1+ 91. Kf2 Qd2+ 92. Kf1 Qc1+ 93. Kg2 1/2-1/2


[Site "https://www.chess.com"]

[Event "Titled Tuesday Blitz August 24 2021"]
[White "Timmermans, Mark"]
[Black "Sharapov, Evgeny"]
[WhiteFideId "1026399"]
[BlackFideId "14103133"]
[WhiteElo "2760"]
[BlackElo "2515"]
[Result "1-0"]
[Round "02"]
[TimeControl "180+1"]
[Date "2021.08.24"]
[WhiteClock "0:00:35"]
[BlackClock "0:01:24"]

1. b4 d5 2. Bb2 Nf6 3. b5 g6 4. a4 Bg7 5. e3 O-O 6. c4 dxc4 7. Bxc4 Nbd7 8. Nf3 Nb6 9. Be2 Be6 10. O-O Nc4 11. Bc3 Nd6 12. Na3 c6 13. Rb1 Qc7 14. Nc2 Bd5 15. Nb4 Bxf3 16. gxf3 c5 17. Bxf6 Bxf6 18. Nd5 Qa5 19. Nxf6+ exf6 20. Qc2 Rac8 21. f4 f5 22. Bf3 Rfd8 23. Rfd1 c4 24. Rbc1 Rd7 25. d4 c3 26. Qb3 Rc4 27. Be2 Rcc7 28. Rc2 Ne4 29. Rdc1 Nd2 30. Qa3 Nc4 31. Qxc3 1-0


[Site "https://www.chess.com"]

[Event "Titled Tuesday Blitz August 24 2021"]
[White "Timofeev, Artyom"]
[Black "Prraneeth Vuppala"]
[WhiteFideId "4140419"]
[BlackFideId "46622373"]
[WhiteElo "2582"]
[BlackElo "1759"]
[Result "1-0"]
[Round "02"]
[TimeControl "180+1"]
[Date "2021.08.24"]
[WhiteClock "0:01:02"]
[BlackClock "0:00:33"]

1. c4 e5 2. e3 Nf6 3. Nc3 Nc6 4. d3 d5 5. cxd5 Nxd5 6. Nf3 Be7 7. Be2 O-O 8. O-O Kh8 9. a3 a5 10. Qc2 Qd6 11. Bd2 f5 12. Nxd5 Qxd5 13. Bc3 Be6 14. e4 Qd6 15. exf5 Bxf5 16. Nd2 a4 17. Ne4 Bxe4 18. dxe4 Nd4 19. Bxd4 exd4 20. g3 c5 21. f4 Qc6 22. e5 Rac8 23. Bf3 Qa6 24. Qe4 b5 25. Kh1 Qb6 26. Rad1 Rcd8 27. Qc6 Qa5 28. Qe6 Rfe8 29. Be4 Bf8 30. Qh3 g6 31. Bxg6 Qa8+ 32. Kg1 Re7 33. f5 Rxe5 34. Qxh7# 1-0


[Site "https://www.chess.com"]